 Dungeon Crawl Stone Soup version 0.29.1-12-g30fa7ad0bf (webtiles) character file.

Game seed: 6469996712409546614

1280 Torrinon the Sneak (level 8, -3/37 (39) HPs)
             Began as a Spriggan Enchanter on Dec 23, 2022.
             Was a Believer of Nemelex Xobeh.
             Slain by a wight
             ... wielding a +0 flail
              (6 damage)
             ... on level 6 of the Dungeon.
             The game lasted 00:43:50 (5975 turns).

Torrinon the Sneak (Spriggan Enchanter)             Turns: 5975, Time: 00:43:52

HP:   -3/37 (39)    AC:  2    Str:  6    XL:     8   Next: 29%
MP:   6/15          EV: 19    Int: 16    God:    Nemelex Xobeh [**....]
Gold: 165           SH:  0    Dex: 16    Spells: 3/15 levels left

rFire   + . .      SeeInvis +   a - +1 dagger
rCold   + . .      Faith    .   (no shield)
rNeg    . . .      Spirit   .   b - +0 robe
rPois   +          Reflect  .   (helmet restricted)
rElec   +          Harm     .   (no cloak)
rCorr   +          Rampage  .   (gloves unavailable)
Will    +....                   (boots unavailable)
Stlth   ++++......              r - amulet of regeneration
HPRegen 0.92/turn               (no ring)
MPRegen 0.14/turn               (no ring)

@: resistant, drained, very quick
A: very small, no large weapons, unfitting armour, see invisible, speed 3
a: Renounce Religion, Draw Escape, Draw Destruction, Draw Summoning


You were on level 6 of the Dungeon.
You worshipped Nemelex Xobeh.
Nemelex Xobeh was pleased with you.
You visited 1 branch of the dungeon, and saw 6 of its levels.

You collected 264 gold pieces.
You spent 99 gold pieces at shops.

Inventory:

Hand Weapons
 a - a +1 dagger (weapon)
 e - a +0 sling
Armour
 b - a +0 robe (worn)
Jewellery
 h - an amulet of reflection
 r - an amulet of regeneration (around neck)
Wands
 m - a wand of mindburst (4)
 p - a wand of iceblast (3)
 v - a wand of digging (5)
Scrolls
 k - 2 scrolls of noise
 n - a scroll of poison
 q - a scroll of amnesia
 u - a scroll of magic mapping
 x - a scroll of vulnerability
 y - 2 scrolls of enchant armour
 z - a scroll of identify
Potions
 c - a potion of invisibility
 d - 3 potions of might
 f - a potion of attraction
 g - 2 potions of ambrosia {unknown}
 i - a potion of resistance
 o - a potion of berserk rage {unknown}
 s - a potion of haste {unknown}
 t - 2 potions of lignification
 w - 2 potions of flight


   Skills:
 * Level 1.9 Fighting
 * Level 2.8 Short Blades
 * Level 2.6 Ranged Weapons
 * Level 2.0 Throwing
 * Level 1.3 Armour
 * Level 4.6 Dodging
 * Level 7.8 Stealth
 + Level 0.6 Shields
 * Level 4.4 Spellcasting
 * Level 4.9 Hexes
 * Level 1.5 Transmutations
 * Level 0.8 Fire Magic
 * Level 1.5 Ice Magic
 * Level 1.6 Air Magic
 * Level 1.1 Poison Magic
 * Level 1.6 Invocations
 * Level 1.5 Evocations


You had 3 spell levels left.
You knew the following spells:

 Your Spells              Type           Power      Damage    Failure   Level
a - Ensorcelled Hibernat  Hex/Ice        26%        N/A       6%          2
b - Tukima's Dance        Hex            19%        N/A       6%          3
c - Airstrike             Air            4%         2d(1-17)  63%         4
d - Ignite Poison         Fire/Tmut/Pois 7%         N/A       30%         3

Your spell library contained the following spells:

 Spells                   Type           Power      Damage    Failure   Level
 Confusing Touch          Hex            19%        N/A       6%          3
 Shock                    Conj/Air       24%        1d4       12%         1
 Dazzling Flash           Conj/Hex       22%        N/A       17%         3
 Swiftness                Air            8%         N/A       24%         3
 Mephitic Cloud           Conj/Pois/Air  6%         N/A       32%         3
 Freezing Cloud           Conj/Ice/Air   3%         6-21      96%         5


Dungeon Overview and Level Annotations

Branches:
Dungeon (6/15)             Temple (0/1) D:5

Altars:
Fedhas
Nemelex Xobeh
Uskayaw
The Shining One

Shops:
D:6 *[


Innate Abilities, Weirdness & Mutations

You are very small and have problems with some larger weapons.
You are too small for most types of armour.
You have supernaturally acute eyesight. (SInv)
You cover ground extremely quickly. (Speed+++)


Message History

The iceblast engulfs the orc!
You kill the orc!
You hear a shout!
An ogre comes into view. It is wielding a +0 giant club.
A wight comes into view. It is wielding a +0 flail.
Really read the scroll of poison?
The air fills with toxic fumes!
As you read the scroll of poison, it crumbles to dust.
Throw: throwing net
Press: ? - help, Q - select action, (/) - cycle Shift-Dir - straight line, f - wight
Aim: a wight, wielding a +4 scimitar of freezing and wearing a +0 robe (poison gas, lightly damaged, 60% to hit)
You throw a throwing net. The throwing net hits the wight.
The wight is caught in the net!
The wight is lightly damaged.
The wight struggles against the net.
You barely miss the wight.
The wight is lightly damaged.
The wight struggles against the net.
You hit the wight but do no damage.
The wight is lightly damaged.
The wight struggles against the net.
You catch the helpless wight completely off-guard!
You puncture the wight!
You destroy the wight!
The wight barely misses you.
You barely miss the wight. You hit the wight but do no damage.
The wight closely misses you.
The wight hits you with a +4 short sword of freezing!
You feel drained. The wight freezes you. The wight barely misses you.
Unknown command.
Okay, then.
It was a potion of resistance.
You feel protected. The wight hits you with a +1 scimitar!
* * * LOW HITPOINT WARNING * * *
You feel drained.
* * * LOW HITPOINT WARNING * * *
The wight hits you with a +0 flail.
You die...
Your body glows slightly and disappears.

#......# #..## ##
#..#...# #..## #[
##.###..###.### ###.
#.## ##....#
.##.§☼#####.# ##†§.##
.....z○§§#§##
##☼§§..#
#.)..§☼####○§§§#....#
#))###zz§§○§§§##....#
#..# #z@§§§§§## ..###
#§☼§§§§○§○☼§## .#
.☼§§#####§§§# ..
.§§☼## ##§#☼§§ ..
.##..# #§§☼☼§ .. ##..
..#§§O #. ### ..# #§§
.# §§


You could see an ogre and 3 wights.

Vanquished Creatures
  An ice beast (D:5)
  A black bear (D:6)
  An ogre (D:5)
  2 phantoms
  A scorpion (D:5)
  A wight (D:6)
  2 howler monkeys
  2 jellies (D:6)
  4 hounds
  Crazy Yiuf (D:3)
  An orc priest (D:6)
  4 orc wizards
  4 iguanas
  10 adders
  2 ufetubi
  A worm (D:5)
  3 dart slugs
  21 orcs
  9 endoplasms
  2 giant cockroaches
  17 goblins
  12 hobgoblins
  9 kobolds
  3 quokkas
  4 ball pythons
  4 bats
  4 frilled lizards
  6 rats
132 creatures vanquished.

Vanquished Creatures (collateral kills)
  3 orcs
  A hobgoblin (D:4)
  A kobold (D:1)
5 creatures vanquished.

Vanquished Creatures (others)
  A dancing weapon (D:4)
  2 plants (D:3)
3 creatures vanquished.

Grand Total: 140 creatures vanquished

Notes
Turn   | Place    | Note
-------+----------+-------------------------------------------
     0 | D:1      | Torrinon the Spriggan Enchanter began the quest for the
                  | Orb.
     0 | D:1      | Reached XP level 1. HP: 9/9 MP: 5/5
   234 | D:1      | Reached XP level 2. HP: 13/13 MP: 6/6
   266 | D:1      | Learned a level 2 spell: Ensorcelled Hibernation
   312 | D:2      | Found a faded altar of an unknown god.
   658 | D:4      | Noticed a howler monkey
   674 | D:4      | Killed a howler monkey
   675 | D:4      | Reached skill level 5 in Stealth
   675 | D:4      | Reached XP level 3. HP: 17/17 MP: 0/8
   679 | D:4      | Learned a level 3 spell: Tukima's Dance
   785 | D:4      | Reached XP level 4. HP: 21/21 MP: 1/9
   792 | D:4      | Learned a level 4 spell: Airstrike
   914 | D:4      | Noticed a phantom
   972 | D:4      | Killed a phantom
   973 | D:4      | Reached skill level 1 in Fighting
   973 | D:4      | Reached skill level 1 in Ranged Weapons
   973 | D:4      | Reached XP level 5. HP: 24/25 MP: 4/10
  1188 | D:4      | Found a sparkling altar of Nemelex Xobeh.
  1200 | D:4      | Became a worshipper of Nemelex Xobeh the Trickster
  1402 | D:4      | Found a glowing golden altar of the Shining One.
  1642 | D:4      | Reached skill level 1 in Throwing
  2092 | D:3      | Found a blossoming altar of Fedhas.
  2442 | D:3      | Found a runed translucent door.
  2443 | D:3      | Noticed Crazy Yiuf
  2450 | D:3      | Killed Crazy Yiuf
  2451 | D:3      | Reached skill level 6 in Stealth
  2451 | D:3      | Reached XP level 6. HP: 30/30 MP: 12/12
  2507 | D:3      | Reached * piety under Nemelex Xobeh
  2593 | D:3      | Reached skill level 1 in Air Magic
  2629 | D:3      | Reached skill level 1 in Ice Magic
  3085 | D:3      | Reached skill level 1 in Armour
  3141 | D:3      | Learned a level 3 spell: Ignite Poison
  3549 | D:2      | Received a gift from Nemelex Xobeh
  4413 | D:5      | Entered Level 5 of the Dungeon
  4413 | D:5      | Reached ** piety under Nemelex Xobeh
  4427 | D:5      | Reached XP level 7. HP: 23/33 MP: 10/13
  4553 | D:5      | Received a gift from Nemelex Xobeh
  4934 | D:5      | Reached skill level 1 in Invocations
  4981 | D:5      | Reached skill level 7 in Stealth
  4981 | D:5      | Reached skill level 1 in Evocations
  4985 | D:5      | Reached skill level 1 in Transmutations
  5046 | D:5      | Found a staircase to the Ecumenical Temple.
  5189 | D:5      | Received a gift from Nemelex Xobeh
  5542 | D:6      | Found Leojed's Armour Boutique.
  5545 | D:6      | Found a hide-covered altar of Uskayaw.
  5662 | D:6      | Found Darokin's General Store.
  5694 | D:6      | Bought 3 scrolls of identify for 66 gold pieces
  5694 | D:6      | Bought a potion of lignification for 33 gold pieces
  5709 | D:6      | Reached XP level 8. HP: 27/38 MP: 15/15
  5915 | D:6      | Reached skill level 1 in Poison Magic
  5975 | D:6      | Slain by a wight

Illustrated notes

Levels and vault maps discovered:
D:1:      psy_arrival_basics, layout_loops_ring
D:2:      layout_basic, basic_ecumenical_altar
D:3:      layout_loops_cross, fedhas_ov_isle_minmay, minmay_crystal_room,
          minmay_quadrilaterals, uniq_crazy_yiuf_cottage
D:4:      cheibrodos_greedy_goblins, layout_loops_corners,
          mainiacjoe_overflow_boulevard, lemuel_round_altar
D:5:      layout_basic, temple_pool_b
D:6:      layout_layer_cave, overflow_temple_1_default, serial_shops,
          nicolae_stop_n_shop_2, shop_fountains, nicolae_shop_window_shopping,
          shop

Skill      XL: |  1  2  3  4  5  6  7  8 |
---------------+-------------------------+-----
Hexes          | 4 |  4.9
Dodging        | 3 4 |  4.6
Stealth        | 5 6 7 |  7.8
Spellcasting   | 3 4 |  4.4
Fighting       | 1 |  1.9
Short Blades   | 2 |  2.8
Ranged Weapons | 1 2 |  2.6
Throwing       | 1 2 |  2.0
Air Magic      | 1 |  1.6
Ice Magic      | 1 |  1.5
Armour         | 1 |  1.3
Invocations    | 1 |  1.6
Evocations     | 1 |  1.5
Transmutations | 1 |  1.5
Poison Magic   | 1 |  1.1
Shields        | |  0.6
Fire Magic     | |  0.8

Action                   |  1- 3 |  4- 6 |  7- 9 || total
-------------------------+-------+-------+-------++-------
Melee: Dagger            |    37 |    96 |    38 ||   171
       Punch             |     1 |       |       ||     1
 Fire: Sling             |     6 |     5 |       ||    11
Throw: Dart              |     2 |    54 |    10 ||    66
       Throwing net      |       |     3 |     4 ||     7
 Cast: Ensorcelled Hiber |    13 |    60 |    24 ||    97
       Tukima's Dance    |     1 |    10 |       ||    11
       Ignite Poison     |       |       |     5 ||     5
Invok: Draw Destruction  |       |       |     5 ||     5
Evoke: Wand              |       |     3 |    11 ||    14
  Use: Potion            |     1 |     3 |     2 ||     6
       Scroll            |       |     8 |     8 ||    16
 Stab: Invisible         |     1 |     2 |       ||     3
       Sleeping          |     6 |    48 |    20 ||    74
       Distracted        |       |     1 |       ||     1
       Held in net/web   |       |       |     1 ||     1
Armor: Robe              |     4 |     2 |     5 ||    11
Dodge: Dodged            |    24 |    72 |    52 ||   148
Block: Other             |       |     4 |     2 ||     6
